 Dungeon Crawl Stone Soup version 0.32-a0-747-gc8563f6773 (webtiles) character file.

Game seed: 6602417407865043572

87 jasper the Ruffian (level 4, 0/34 HPs)
             Began as a Demonspawn Shapeshifter on Mar 17, 2024.
             Splashed by a jelly's acid (11 damage)
             ... on level 4 of the Dungeon.
             The game lasted 00:04:06 (2043 turns).

jasper the Ruffian (Demonspawn Shapeshifter)        Turns: 2043, Time: 00:04:06

Health: 0/34       AC:  1    Str: 16    XL:     4   Next: 28%
Magic:  4/4        EV: 10    Int: 10    God:
Gold:   172        SH:  0    Dex: 13    Spells: 3/3 levels left

rFire   . .          .
                       - Unarmed
rCold   . . .        (no shield)
rNeg    . . .        f - +0 ring mail
rPois   .            b - +2 helmet
rElec   .            (no cloak)
rCorr   .            m - +0 pair of gloves
SInv    .            (no boots)
Will    .....        (no amulet)
Stlth   +            (no ring)
HPRegen 0.25/turn    (no ring)
MPRegen 0.09/turn

%: no passive effects
@: about to teleport, corroded
A: hooves 1
a: no special abilities


You were on level 4 of the Dungeon.
You visited 1 branch of the dungeon, and saw 4 of its levels.

You collected 172 gold pieces.

Inventory:

Hand Weapons
 g - a +1 dagger of protection
 h - a +1 dagger of protection
 l - a +2 dagger of draining
Armour
 a - a +0 animal skin
 b - a +2 helmet (worn)
 f - a +0 ring mail (worn)
 m - a +0 pair of gloves (worn)
Talismans
 c - a beast talisman
 d - a flux talisman
 i - a granite talisman
 k - a blade talisman
Scrolls
 n - a scroll of enchant weapon {unknown}
 o - a scroll of vulnerability {unknown}
 p - a scroll of immolation {unknown}


   Skills:
 + Level 2.7 Fighting
 - Level 2.0 Dodging
 + Level 3.6 Unarmed Combat
 - Level 2.9 Shapeshifting


You had 3 spell levels left.
You didn't know any spells.
Your spell library contained the following spells:

 Spells                   Type           Power      Damage    Failure   Level
 Ensorcelled Hibernation  Hex/Ice        0%         N/A       73%         2
 Passwall                 Erth           0%         N/A       91%         3
 Swiftness                Air            0%         N/A       91%         3


Dungeon Overview and Level Annotations

Branches:
Dungeon (3/15)

Altars:


Innate Abilities, Weirdness & Mutations

You have large cloven feet.


Message History

You punch the giant cockroach!
You kill the giant cockroach! 3 orcs come into view.
Found an escape hatch in the floor.
A malevolent force fills the Dungeon...
You fall into a shaft and drop 1 floor!
The shaft crumbles and collapses.
Found 8 gold pieces and a flail.
You now have 172 gold pieces (gained 8).
A jelly comes into view.
The jelly moves out of view.
Okay, then.
You have nothing you can fire or use right now.
Unknown command.
You punch the jelly! The acid corrodes you!
Your hands burn!
The jelly is moderately wounded.
The jelly barely misses you.
You take 4 damage, and have 30/34 hp.
You completely miss the jelly. You kick the jelly, but do no damage.
The jelly is moderately wounded.
You hit the jelly but do no damage.
Your hands burn!
You kick the jelly, but do no damage.
The jelly is moderately wounded.
The jelly hits you but does no damage.
You take 1 damage, and have 29/34 hp.
You barely miss the jelly. You kick the jelly, but do no damage.
The jelly is moderately wounded.
The jelly closely misses you.
You hit the jelly. The acid corrodes you!
Your hands burn!
The jelly is moderately wounded.
The jelly hits you.
You are splashed with acid.
You take 8 damage, and have 21/34 hp.
MASSIVE DAMAGE!!
It was a potion of magic.
Magic courses through your body. The jelly hits you.
You are splashed with acid!
You take 9 damage, and have 12/34 hp.
MASSIVE DAMAGE!!
As you read the scroll labelled INWOOKHLUDUWN, it crumbles to dust.
You feel strangely unstable.
It was a scroll of teleportation.
The jelly hits you but does no damage. The jelly attacks as it pursues you!
The jelly hits you.
You are splashed with acid!
You die...

###. ......#...
..#..#.......≈.
.....#....≈....
.............≈.
.....#...#.#...
..............#
##......≈...≈..
####.###....#....
#.....@J..≈...≈..
#..#####.........#
#....#.#...
#........≈.
#.)##.≈.... #..#
....≈. .... #.#...
####. ....# . .≈ .


You could see a jelly.

Vanquished Creatures
  Robin (D:2)
  An adder (D:2)
  A dart slug (D:1)
  3 endoplasms
  5 giant cockroaches
  12 goblins
  8 hobgoblins
  8 jackals
  4 kobolds
  2 quokkas (D:1)
  4 ball pythons
  3 bats (D:1)
  3 frilled lizards
  A rat (D:1)
56 creatures vanquished.

Notes
Turn   | Place    | Note
-------+----------+-------------------------------------------
     0 | D:1      | jasper the Demonspawn Shapeshifter began the quest for the
                  | Orb.
     0 | D:1      | Reached XP level 1. HP: 15/15 MP: 1/1
   165 | D:1      | Gained mutation: You have large cloven feet. [demonic
                  | ancestry]
   165 | D:1      | Reached XP level 2. HP: 16/21 MP: 2/2
   458 | D:1      | Reached skill level 3 in Unarmed Combat
   647 | D:1      | Reached XP level 3. HP: 27/27 MP: 3/3
   946 | D:2      | Noticed Robin
   965 | D:2      | Killed Robin
  1204 | D:2      | Reached XP level 4. HP: 33/34 MP: 4/4
  2024 | D:3      | You fall into a shaft and drop 1 floor!
  2043 | D:4      | Splashed by a jelly's acid

Illustrated notes

Levels and vault maps discovered:
D:1:      ncdulo_watergridlock, layout_loops_cross
D:2:      layout_basic, nicolae_twisty_statue_hallways, uniq_robin
D:3:      layout_loops_corners, dilly_ecumenical_altar_fadedgnrine, uniq_grinder
D:4:      layout_loops_cross, led_sif_pool, nicolae_tso_swordbearing_angel,
          mainiacjoe_overflow_alcove_1, nicolae_kite_square_tiling_tiny

Skill      XL: |  1  2  3 |
---------------+----------+-----
Dodging        | 2 |  2.0
Unarmed Combat | 3 |  3.6
Fighting       | 2 |  2.7
Shapeshifting  | |  2.9

Action                     |  1- 3 |  4- 6 || total
---------------------------+-------+-------++-------
  Melee: Unarmed           |   130 |    39 ||   169
         Kick              |    24 |    10 ||    34
         Punch             |     3 |     2 ||     5
Ability: Begin Untransform |     1 |       ||     1
    Use: Potion            |     1 |     1 ||     2
         Scroll            |       |     1 ||     1
   Stab: Sleeping          |     1 |       ||     1
 Armour: Ring mail         |    64 |    25 ||    89
         Skin              |     6 |       ||     6
  Dodge: Dodged            |    54 |    14 ||    68

Table legend: (Time is in decaauts)
 A = Elapsed time spent in this place.
 B = Non-inter-level travel time spent in this place.
 C = Inter-level travel time spent in this place.
 D = Time resting spent in this place.
 E = Time spent auto-exploring this place.
 F = Levels seen in this place.
 G = Mean time per level.
                   A        B        C        D        E       F      G
               +--------+--------+--------+--------+--------+-----+--------+
         Total |   2034 |   1942 |     92 |    239 |   1229 |   4 |  508.5 |
       Dungeon |   2034 |   1942 |     92 |    239 |   1229 |   4 |  508.5 |
               +--------+--------+--------+--------+--------+-----+--------+

Top non-repeatable levels by time:
     D:2: 1214 daAuts
     D:1: 764 daAuts
     D:3: 36 daAuts
     D:4: 18 daAuts
